 Dungeon Crawl Stone Soup version 0.29.1-15-g9cfb28693d (webtiles) character file.

Game seed: 3223601017596161984

774 Heoruswealwe the Thaumaturge (level 7, -4/36 HPs)
             Began as a Deep Elf Earth Elementalist on Apr 19, 2023.
             Slain by duchin's ghost (18 damage)
             ... on level 4 of the Dungeon.
             The game lasted 00:31:21 (3228 turns).

Heoruswealwe the Thaumaturge (DEEE)                 Turns: 3228, Time: 00:31:23

Health: -4/36      AC:  6    Str:  5    XL:     7   Next: 53%
Magic:  15/20      EV: 12    Int: 22    God:
Gold:   152        SH:  0    Dex: 15    Spells: 12/22 levels left

rFire   . . .      SeeInvis .   a - staff of earth
rCold   . . .      Faith    .   (no shield)
rNeg    . . .      Spirit   .   c - +0 robe
rPois   .          Reflect  .   g - +1 helmet
rElec   .          Harm     .   (no cloak)
rCorr   .          Rampage  .   f - +0 pair of gloves
Will    .....                   e - +0 pair of boots
Stlth   ++........              (no amulet)
HPRegen 0.12/turn               (no ring)
MPRegen 0.17/turn               (no ring)

@: no status effects
A: no striking features
a: no special abilities


You were on level 4 of the Dungeon.
You visited 1 branch of the dungeon, and saw 4 of its levels.

You collected 152 gold pieces.

Inventory:

Hand Weapons
 b - a +0 double sword
Armour
 c - a +0 robe (worn)
 e - a +0 pair of boots (worn)
 f - a +0 pair of gloves (worn)
 g - a +1 helmet (worn)
 i - a +0 robe
 v - a +0 robe
 w - a +0 robe
 y - a +0 robe
Magical Staves
 a - a staff of earth (weapon)
Wands
 A - a wand of flame (11)
Scrolls
 d - 2 scrolls of blinking {unknown}
 h - 2 scrolls of amnesia {unknown}
 k - a scroll of teleportation {unknown}
 l - 2 scrolls of immolation {unknown}
 m - a scroll of enchant armour {unknown}
 r - 2 scrolls of identify {unknown}
 s - a scroll of enchant weapon {unknown}
 u - a scroll of vulnerability {unknown}
Potions
 j - a potion of resistance {unknown}
 n - a potion of cancellation {unknown}
 p - a potion of magic
 q - a potion of degeneration {unknown}
 t - a potion of lignification {unknown}
 x - 2 potions of heal wounds {unknown}
 z - a potion of brilliance {unknown}
 B - a potion of attraction {unknown}
 C - a potion of haste {unknown}


   Skills:
 - Level 2.4 Dodging
 - Level 2.4 Stealth
 + Level 8.3 Spellcasting
 - Level 1.1 Transmutations
 + Level 7.3 Earth Magic


You had 12 spell levels left.
You knew the following spells:

 Your Spells              Type           Power      Damage    Failure   Level
a - Sandblast             Erth           100%       2d20      1%          1
b - Stone Arrow           Conj/Erth      76%        3d11      4%          3
c - Petrify               Tmut/Erth      41%        N/A       13%         4
z - Passwall              Tmut/Erth      34%        N/A       1%          2

Your spell library contained the following spells:

 Spells                   Type           Power      Damage    Failure   Level
 Freeze                   Ice            36%        1d6       7%          1
 Slow                     Hex            36%        N/A       7%          1
 Confusing Touch          Hex            9%         N/A       22%         3
 Vampiric Draining        Necr           9%         2d6       22%         3


Dungeon Overview and Level Annotations

Branches:
Dungeon (4/15)
 Temple: D:4-7

Altars:
Ashenzari
Fedhas
Ru
Zin
The Shining One

Shops:
D:2 (   D:4 *

Annotations:
D:4 duchin's ghost, novice MfHu


Message History

h - 2 scrolls labelled HUERAM HORAOHO (gained 1)
Found a runed translucent gate.
Found a scroll labelled CYBOSU FYNNEMY.
Found 8 gold pieces.
Duchin's ghost turns its malevolent gaze towards you.
As you open the gate, it creaks loudly!
You feel a surge of power!
The blast of sand hits the centaur skeleton!!
The centaur skeleton is almost destroyed.
The centaur skeleton hits you but does no damage.
The centaur skeleton kicks you but does no damage.
You feel a surge of power!
The blast of sand hits the centaur skeleton!!
You destroy the centaur skeleton!
You feel a surge of power!
The blast of sand misses duchin's ghost.
Duchin's ghost barely misses you. Duchin's ghost hits you!
You feel a surge of power!
The blast of sand hits duchin's ghost!!
Duchin's ghost is moderately damaged.
Duchin's ghost hits you but does no damage.
You feel a surge of power!
The blast of sand hits duchin's ghost!
Duchin's ghost is heavily damaged.
Duchin's ghost hits you!
* * * LOW HITPOINT WARNING * * *
Duchin's ghost hits you but does no damage.
Okay, then.
Okay, then.
It was a potion of curing.
You feel better. Duchin's ghost hits you.
* * * LOW HITPOINT WARNING * * *
You feel better. Duchin's ghost barely misses you.
Casting: Sandblast (safe; 1% risk of failure)
Confirm with . or Enter, or press ? or * to list all spells.
Aiming: Sandblast (safe; 1% risk of failure)
Press: ? - help, Shift-Dir - straight line, f/p - duchin's ghost
Aim: duchin's ghost (heavily damaged, 80% to hit)
You feel a surge of power!
The blast of sand hits duchin's ghost!
Duchin's ghost is severely damaged.
Duchin's ghost hits you!!
Ouch! That really hurt!
You die...

##............##
#.............#
##.............#
#..............#
#..............#
...............##
................#
#.............#W##
..............##@##
............####..##
...........## #<..##
.........### #....#
........## #..###
..#.....# ####..#
.###'''### #.....#
.#.....Z.# #.....###
.##.....## #.......#


You could see duchin's ghost.

Vanquished Creatures
  Sigmund (D:4)
  Eustachio (D:4)
  A phantom (D:4)
  A scorpion (D:4)
  A howler monkey (D:4)
  2 orc priests (D:4)
  A centaur skeleton (D:4)
  Ijyb (D:4)
  2 iguanas (D:4)
  An orc wizard (D:4)
  6 adders
  2 worms
  2 dart slugs
  3 orcs (D:4)
  4 ball pythons
  5 bats
  5 endoplasms
  2 giant cockroaches (D:2)
  8 goblins
  2 hobgoblins
  6 quokkas
  3 frilled lizards
  4 kobolds
  5 rats
69 creatures vanquished.

Vanquished Creatures (others)
  10 fungi
  11 plants
21 creatures vanquished.

Grand Total: 90 creatures vanquished

Notes
Turn   | Place    | Note
-------+----------+-------------------------------------------
     0 | D:1      | Heoruswealwe the Deep Elf Earth Elementalist began the
                  | quest for the Orb.
     0 | D:1      | Reached XP level 1. HP: 10/10 MP: 6/6
   198 | D:1      | Reached XP level 2. HP: 15/15 MP: 4/8
   201 | D:1      | Learned a level 2 spell: Passwall
   435 | D:1      | Found a faded altar of an unknown god.
   448 | D:1      | Got Plato's Handbook of the Glacier
   469 | D:1      | Prayed at the altar of an unknown god.
   469 | D:1      | Became a worshipper of Ru the Awakened
   470 | D:1      | Fell from the grace of Ru
   594 | D:2      | Reached skill level 4 in Spellcasting
   790 | D:2      | Reached XP level 3. HP: 19/19 MP: 8/10
   794 | D:2      | Learned a level 3 spell: Stone Arrow
  1018 | D:2      | Found Duddum's Antique Weapon Shop.
  1506 | D:3      | Reached XP level 4. HP: 24/24 MP: 9/12
  1511 | D:3      | Learned a level 4 spell: Petrify
  1612 | D:3      | Reached skill level 5 in Spellcasting
  1708 | D:3      | Found a blossoming altar of Fedhas.
  1996 | D:4      | Found a broken altar of Ashenzari.
  2001 | D:4      | Noticed Eustachio
  2005 | D:4      | Killed Eustachio
  2006 | D:4      | Reached skill level 6 in Spellcasting
  2006 | D:4      | Reached skill level 5 in Earth Magic
  2006 | D:4      | Reached XP level 5. HP: 28/28 MP: 11/15
  2074 | D:4      | Reached XP level 6. HP: 13/32 MP: 10/17
  2074 | D:4      | HP: 1/32 [orc priest/divine providence (12)]
  2504 | D:4      | Found a glowing golden altar of the Shining One.
  2554 | D:4      | Noticed Sigmund
  2564 | D:4      | Reached skill level 7 in Spellcasting
  2567 | D:4      | Killed Sigmund
  2568 | D:4      | Reached XP level 7. HP: 14/36 MP: 12/20
  2627 | D:4      | Noticed Ijyb
  2633 | D:4      | Killed Ijyb
  2835 | D:4      | Found Hiavveru's Mayhem Merchandise.
  3077 | D:4      | Found a glowing silver altar of Zin.
  3128 | D:4      | Reached skill level 8 in Spellcasting
  3182 | D:4      | Found a runed translucent gate.
  3182 | D:4      | Found a runed translucent gate.
  3182 | D:4      | Found a runed translucent gate.
  3207 | D:4      | Noticed duchin's ghost (novice MfHu)
  3228 | D:4      | Slain by duchin's ghost

Illustrated notes

Levels and vault maps discovered:
D:1:      dpeg_arrival_boxes_within_box, layout_rooms,
          shapermc_ecumenical_altar_rom_forum
D:2:      layout_basic, serial_shops, nicolae_shop_trees, serial_rivers,
          chequers_serial_rivers_micro_a, chequers_serial_rivers_small_b,
          chequers_serial_rivers_large_a, chequers_serial_rivers_large_b,
          chequers_serial_rivers_small_a, chequers_serial_rivers_micro_b,
          grunt_ministairs_9
D:3:      layout_rooms, fedhas_altar_3
D:4:      layout_cave_pods, evilmike_ruin_ashenzari,
          mainiacjoe_overflow_alcove_2, zin_academy, gammafunk_ghost_necromancy,
          minmay_shop_mayhem, kennysheep_generic_room_10, uniq_sigmund,
          uniq_ijyb, uniq_eustachio

Skill      XL: |  1  2  3  4  5  6  7 |
---------------+----------------------+-----
Spellcasting   | 4 6 7 8 |  8.3
Earth Magic    | 4 5 6 7 |  7.3
Dodging        | |  2.4
Stealth        | |  2.4
Transmutations | |  1.1

Action                   |  1- 3 |  4- 6 |  7- 9 || total
-------------------------+-------+-------+-------++-------
Melee: Unarmed           |    12 |       |       ||    12
       Punch             |     1 |     3 |       ||     4
       Double sword      |       |    61 |       ||    61
 Cast: Sandblast         |    56 |    41 |    16 ||   113
       Passwall          |     2 |       |       ||     2
Invok: Renounce Religion |     1 |       |       ||     1
  Use: Potion            |       |       |     2 ||     2
Armor: Robe              |     3 |     5 |     5 ||    13
Dodge: Dodged            |     6 |     3 |     3 ||    12
